 Dungeon Crawl Stone Soup version 0.24-a0-130-ga3c21ff (webtiles) character file.

Game seed: 4154298388687429906

1028 JimmahDean the Basher (level 8, -11/64 HPs)
             Began as a Hill Orc Abyssal Knight on Feb 27, 2019.
             Was an Elder of Lugonu.
             Mangled by an ice beast (13 damage)
             ... on level 5 of the Dungeon.
             The game lasted 00:13:44 (6084 turns).

JimmahDean the Basher (Hill Orc Abyssal Knight)     Turns: 6084, Time: 00:13:45

Health: -11/64     AC:  9    Str: 17    XL:     8   Next: 23%
Magic:  13/13      EV:  6    Int: 12    God:    Lugonu [****..]
Gold:   351        SH:  3    Dex: 10    Spells: 7/7 levels left

rFire    + . .     SeeInvis .   o - +0 morningstar
rCold    . . .     Gourm    .   e - +0 buckler
rNeg     . . .     Faith    .   q - +0 chain mail
rPois    .         Spirit   .   a - +0 helmet
rElec    .         Reflect  .   (no cloak)
rCorr    .         Harm     .   (no gloves)
MR       .....                  (no boots)
Stlth    ..........             (no amulet)
HPRegen  0.20/turn              u - ring of protection from fire
MPRegen  0.13/turn              (no ring)

@: no status effects
A: no striking features
a: Depart the Abyss, Bend Space, Banish, Corrupt, Renounce Religion


You were on level 5 of the Dungeon.
You worshipped Lugonu.
Lugonu was greatly pleased with you.
You were not hungry.

You visited 1 branch of the dungeon, and saw 5 of its levels.
You visited the Abyss 1 time.

You collected 351 gold pieces.

Inventory:

Hand Weapons
 o - a +0 morningstar (weapon)
Armour
 a - a +0 helmet (worn)
 e - a +0 buckler (worn)
 q - a +0 chain mail (worn)
Jewellery
 u - a ring of protection from fire (left hand)
Wands
 h - a wand of random effects (7)
 w - a wand of acid (9)
 y - a wand of disintegration (8)
Scrolls
 j - a scroll of blinking
 k - 2 scrolls of enchant weapon
 l - 3 scrolls of magic mapping
 m - a scroll of immolation {unknown}
 r - a scroll of fog {unknown}
 s - a scroll of enchant armour {unknown}
 v - a scroll of amnesia {unknown}
 x - a scroll of remove curse {@r2}
Potions
 b - a potion of magic {unknown}
 d - 2 potions of heal wounds {@q2}
 f - a potion of haste {unknown}
 g - a potion of resistance {unknown}
 i - a potion of cancellation {unknown}
 n - a potion of agility {unknown}
 p - a potion of lignification {unknown}
 t - 2 potions of brilliance
Comestibles
 c - 7 rations {@e1}


   Skills:
 - Level 3.6 Fighting
 * Level 8.6 Maces & Flails
 - Level 2.1 Armour
 - Level 0.7 Dodging
 + Level 7.4 Invocations


You had 7 spell levels left.
You didn't know any spells.
Your spell library was empty.

Dungeon Overview and Level Annotations

Branches:
Dungeon (5/15)
 Temple: D:4-7

Altars:
Ashenzari
Qazlal
Ru
Uskayaw
Wu Jian
Yredelemnul
The Shining One


Message History

You take 7 damage, and have 42/64 hp.
You hit the ice beast but do no damage. The ice beast barely misses you.
You hit the ice beast but do no damage. The ice beast hits you.
The ice beast freezes you!
* * * LOW HITPOINT WARNING * * *
The ice beast hits you.
* * * LOW HITPOINT WARNING * * *
The ice beast freezes you!
* * * LOW HITPOINT WARNING * * *
You take 24 damage, and have 18/64 hp.
MASSIVE DAMAGE!!
You puncture the ice beast! The ice beast hits you.
* * * LOW HITPOINT WARNING * * *
The ice beast freezes you!
* * * LOW HITPOINT WARNING * * *
You take 15 damage, and have 3/64 hp.
MASSIVE DAMAGE!!
Your chain mail prevents you from hitting the ice beast.
The ice beast hits you.
* * * LOW HITPOINT WARNING * * *
The ice beast freezes you!
You die...

#.# ##'## ##...## ##
#### #.^.^.# #.
..#####...## #.
#.#.##^._^.#
#.###.#.########
#.#.....########
#.#@#.#.#......#
#.#Y#.#.#.###..#
#..o..#.#.###..#
###.###........#####
#.# #########.....
... #######.####
[#.## #.......# #..
#.......# ##.
#.......#


You could see an ice beast and an orc.

Vanquished Creatures
  The ghost of terrorsythe the Caller, an amateur DsSu (D:4)
  A sky beast (D:5)
  An ogre (D:5)
  A big kobold (D:5)
  A gnoll sergeant (D:5)
  A water moccasin skeleton (D:4)
  A howler monkey (D:3)
  An orc priest (D:4)
  Ijyb (D:4)
  Natasha (thrice) (D:3)
  3 orc wizards (D:4)
  A worker ant (D:5)
  Terence (D:2)
  Robin (D:4)
  A howler monkey skeleton (D:5)
  6 gnolls
  5 adders
  An ooze (D:1)
  4 worms
  2 leopard geckos
  5 orcs
  A ball python (D:5)
  4 giant cockroaches
  13 goblins
  11 hobgoblins
  11 jackals
  14 kobolds
  2 quokkas
  9 bats
  8 frilled lizards
  A jackal skeleton (D:5)
  9 rats
  A spectral orc (D:5)
  A plant (D:5)
127 creatures vanquished.

Notes
Turn   | Place    | Note
-------+----------+-------------------------------------------
     0 | Abyss:1  | JimmahDean the Hill Orc Abyssal Knight began the quest for
                  | the Orb.
     0 | Abyss:1  | Reached XP level 1. HP: 19/19 MP: 2/2
    18 | D:1      | Escaped the Abyss
   513 | D:1      | Reached XP level 2. HP: 26/26 MP: 4/4
   588 | D:1      | Reached skill level 3 in Maces & Flails
   921 | D:1      | Reached XP level 3. HP: 29/31 MP: 5/5
  1200 | D:2      | Noticed Terence
  1208 | D:2      | Killed Terence
  1224 | D:2      | Reached ** piety under Lugonu
  1349 | D:2      | Reached skill level 4 in Maces & Flails
  1349 | D:2      | Reached XP level 4. HP: 28/39 MP: 6/6
  2182 | D:2      | Found a sacrificial altar of Ru.
  2520 | D:3      | Noticed Natasha
  2534 | D:3      | Killed Natasha
  2534 | D:3      | Reached XP level 5. HP: 19/45 MP: 8/8
  2787 | D:3      | Noticed Natasha
  2795 | D:3      | Killed Natasha
  2795 | D:3      | Reached skill level 5 in Maces & Flails
  2804 | D:3      | Noticed Natasha
  2821 | D:3      | Killed Natasha
  2894 | D:3      | Reached XP level 6. HP: 33/51 MP: 9/9
  3080 | D:3      | Found a hide-covered altar of Uskayaw.
  3128 | D:3      | Reached *** piety under Lugonu
  3349 | D:4      | Reached skill level 5 in Invocations
  3533 | D:4      | Found a stormy altar of Qazlal.
  3535 | D:4      | Noticed Robin
  3762 | D:4      | Noticed Ijyb
  3850 | D:4      | Killed Robin
  3850 | D:4      | Reached skill level 6 in Maces & Flails
  3996 | D:4      | Found a shattered altar of Ashenzari.
  4000 | D:4      | Found a glowing golden altar of the Shining One.
  4029 | D:4      | Killed Ijyb
  4089 | D:4      | HP: 2/51 [poisoned by an orc wizard]
  4097 | D:4      | HP: 2/51 [poisoned by an orc wizard]
  4569 | D:4      | Found a runed translucent door.
  4591 | D:4      | Reached XP level 7. HP: 52/57 MP: 11/11
  4641 | D:4      | Noticed terrorsythe's ghost (amateur DsSu)
  4692 | D:4      | Killed terrorsythe's ghost
  4692 | D:4      | Reached skill level 7 in Maces & Flails
  5078 | D:5      | Entered Level 5 of the Dungeon
  5237 | D:5      | Found an ornate altar of the Wu Jian Council.
  5553 | D:5      | Reached skill level 8 in Maces & Flails
  5642 | D:5      | Reached XP level 8. HP: 49/64 MP: 13/13
  5691 | D:5      | Reached **** piety under Lugonu
  5941 | D:5      | Found a basalt altar of Yredelemnul.
  6083 | D:5      | HP: 3/64 [ice beast (12)]
  6084 | D:5      | Mangled by an ice beast

Levels and vault maps discovered:
D:1:      evilmike_arrival_hilbert_curve, layout_loops_ring,
          hangedman_decor_clover_reticule
D:2:      layout_basic, marbit_many_paths, first_ration, corexii_shack,
          uniq_terence
D:3:      layout_basic, lemuel_crystal_altar, uniq_natasha
D:4:      layout_rooms, grunt_qazlal_clouds, grunt_temple_overflow_open,
          ebering_ghost_sewer_d, uniq_robin, uniq_ijyb
D:5:      layout_loops_cross, overflow_temple_1_default,
          yredelemnul_forgotten_temple_becter, lexackson_kobold_supper
Abyss:1:  evilmike_abyss_exit_12

Skill      XL: |  1  2  3  4  5  6  7 |
---------------+----------------------+-----
Maces & Flails | 3 4 5 6 8 |  8.6
Invocations    | 3 4 5 7 |  7.4
Fighting       | |  3.6
Armour         | |  2.1
Dodging        | |  0.7

Action                   |  1- 3 |  4- 6 |  7- 9 || total
-------------------------+-------+-------+-------++-------
Melee: Mace              |    90 |   213 |       ||   303
       Morningstar       |       |    66 |   201 ||   267
Evoke: Wand              |       |     1 |     1 ||     2
  Use: Scroll            |       |     5 |     2 ||     7
       Potion            |       |       |     1 ||     1
  Eat: Chunk             |     1 |    11 |     5 ||    17
Armor: Scale mail        |    14 |   125 |       ||   139
       Leather armour    |     1 |       |       ||     1
       Chain mail        |       |    24 |   120 ||   144
Dodge: Dodged            |    43 |   127 |    57 ||   227
Block: Buckler           |    12 |    43 |    22 ||    77

Table legend:
 A = Non-vault XP
 B = Vault XP
 C = Vault XP percentage of total XP
 D = Non-vault monster count
 E = Vault monster count
 F = Vault count percentage of total count
                 A         B        C        D         E       F
            +---------+---------+-------+---------+---------+-------
      Total |    1033 |     436 |  29.7 |      99 |      27 |  21.4
            +---------+---------+-------+---------+---------+-------
        D:1 |      39 |       0 |   0.0 |      21 |       0 |   0.0
        D:2 |      67 |      35 |  34.3 |      27 |       3 |  10.0
        D:3 |     184 |      35 |  16.0 |      20 |       1 |   4.8
        D:4 |     268 |     257 |  49.0 |      12 |      14 |  53.8
        D:5 |     475 |     109 |  18.7 |      19 |       9 |  32.1
            +---------+---------+-------+---------+---------+-------
